 Dungeon Crawl Stone Soup version 0.31-a0-744-gbc345e7fcb (webtiles) character file.

Game seed: 4011188898661523180

2 Bravepunisher the Ducker (level 1, -1/11 HPs)
             Began as a Spriggan Monk on Sept 13, 2023.
             Slain by a water moccasin (8 damage)
             ... on level 5 of the Dungeon.
             The game lasted 00:01:43 (363 turns).

Bravepunisher the Ducker (Spriggan Monk)             Turns: 363, Time: 00:01:44

Health: -1/11      AC:  2    Str:  7    XL:     1   Next: 25%
Magic:  2/2        EV: 18    Int: 11    God:
Gold:   15         SH:  0    Dex: 17    Spells: 0/0 levels left

rFire   . . .        a - +0 short sword
rCold   . . .        d - orb {light}
rNeg    . . .        b - +0 robe
rPois   .            (helmet restricted)
rElec   .            (no cloak)
rCorr   .            (gloves unavailable)
SInv    +            (boots unavailable)
Will    .....        (no amulet)
Stlth   +            (no ring)
HPRegen 0.21/turn    (no ring)
MPRegen 0.08/turn

%: no passive effects
@: glowing, very quick
A: very small, no large weapons, unfitting armour, see invisible, speed 3
a: no special abilities


You were on level 5 of the Dungeon.
You visited 1 branch of the dungeon, and saw 5 of its levels.

You collected 15 gold pieces.

Inventory:

Hand Weapons
 a - a +0 short sword (weapon)
Armour
 b - a +0 robe (worn)
 d - an orb of light (worn)
Wands
 h - a wand of roots (12)
Potions
 c - a potion of ambrosia
 e - a potion of might {unknown}
 f - a potion of invisibility {unknown}
 g - 2 potions of lignification {unknown}


   Skills:
 + Level 2.4 Fighting
 - Level 3.2 Short Blades
 * Level 4.1 Dodging


You couldn't memorise any spells.
You didn't know any spells.
Your spell library was empty.

Dungeon Overview and Level Annotations

Branches:
Dungeon (5/15)
 Temple: D:4-7

Altars:
Dithmenos

Annotations:
D:4 Grinder


Innate Abilities, Weirdness & Mutations

You are very small and have problems with some larger weapons.
You are too small for most types of armour.
You have supernaturally acute eyesight. (SInv)
You cover ground extremely quickly. (Speed+++)


Message History

You now have 15 gold pieces (gained 3).
h - a wand of roots (12)
There are no items here.
A dart slug comes into view.
An iguana comes into view.
The iguana hisses angrily.
Found a murky coppery potion.
The iguana attacks as it pursues you! The iguana closely misses you.
Found a stone staircase leading down.
Found 14 gold pieces.
There is a stone staircase leading down here.
You climb downwards.
The orc shouts!
You hear a shout!
Found a shadowy altar of Dithmenos.
There is a stone staircase leading up here.
An orc comes into view. It is wielding a +0 falchion.
The orc shouts!
Found 15 gold pieces.
The adder bites you. The adder closely misses you.
The orc hits you with a +0 falchion!
Ouch! That really hurt!
* * * LOW HITPOINT WARNING * * *
The adder completely misses you. The orc attacks as it pursues you!
The orc closely misses you.
Found a scroll labelled BITIG IVUAWNIN.
An orc comes into view. It is wielding a +0 short sword.
Found a purple potion.
The orc shouts!
An orc priest comes into view. It is wielding a +0 hand axe.
The orc priest shouts!
An iguana comes into view.
Found an escape hatch in the floor.
Found a stone staircase leading down.
The iguana moves out of view.
The iguana hisses angrily.
A water moccasin comes into view.
The water moccasin hisses angrily.
The water moccasin bites you!
Ouch! That really hurt!
You die...

###### ##....##
####......##
....>.....#### ##.
#...S....... #..
##.@.......# ##.#
#.........## #..#
#........... #..##
##.S......l>. # ##...##
#............
####.....####............
......................###
...o.?####..........###
.o##..# ###........#


You could see a water moccasin, an iguana and an adder.

Vanquished Creatures
  A goblin (D:2)
  A bat (D:2)
2 creatures vanquished.

Notes
Turn   | Place    | Note
-------+----------+-------------------------------------------
     0 | D:1      | Bravepunisher the Spriggan Monk began the quest for the
                  | Orb.
     0 | D:1      | Reached XP level 1. HP: 11/11 MP: 2/2
   154 | D:4      | Noticed an ogre
   154 | D:4      | Noticed Grinder
   293 | D:4      | Noticed an iguana
   313 | D:5      | Entered Level 5 of the Dungeon
   313 | D:5      | Found a shadowy altar of Dithmenos.
   345 | D:5      | Noticed an orc priest
   358 | D:5      | Noticed an iguana
   360 | D:5      | Noticed a water moccasin
   363 | D:5      | Slain by a water moccasin

Illustrated notes

Levels and vault maps discovered:
D:1:      minmay_arrival_five_plusses, layout_basic,
          hellmonk_ecumenical_altar_crossroads, serial_shops, shop
D:2:      layout_basic, basic_altar
D:3:      layout_basic, mainiacjoe_overflow_surrounded_room,
          minmay_splitting_lines, uniq_crazy_yiuf_cottage, uniq_ijyb
D:4:      layout_loops_cross, uniq_sigmund, uniq_pikel, uniq_grinder
D:5:      layout_layer_cave, overflow_temple_1_default, st_stairs_3,
          eino_small_chamber_without_monster

Action                     || total
---------------------------++-------
  Melee: Short sword       ||     4
 Armour: Robe              ||     3
  Dodge: Dodged            ||    10

Table legend: (Time is in decaauts)
 A = Elapsed time spent in this place.
 B = Non-inter-level travel time spent in this place.
 C = Inter-level travel time spent in this place.
 D = Time resting spent in this place.
 E = Time spent auto-exploring this place.
 F = Levels seen in this place.
 G = Mean time per level.
                   A        B        C        D        E       F      G
               +--------+--------+--------+--------+--------+-----+--------+
         Total |    225 |    225 |      0 |      0 |     63 |   5 |   45.0 |
       Dungeon |    225 |    225 |      0 |      0 |     63 |   5 |   45.0 |
               +--------+--------+--------+--------+--------+-----+--------+

Top non-repeatable levels by time:
     D:4: 104 daAuts
     D:2: 57 daAuts
     D:5: 30 daAuts
     D:3: 27 daAuts
     D:1: 4 daAuts
